 Dungeon Crawl Stone Soup version 0.30-a0-1042-gacf32f4bd3 (webtiles) character file.

Game seed: 7146665382292671861

127 Grim the Chopper (level 5, 0/41 HPs)
             Began as a Formicid Fighter on Apr 9, 2023.
             Slain by Ijyb
             ... wielding a +2 dagger of venom
              (6 damage)
             ... on level 3 of the Dungeon.
             The game lasted 00:02:07 (1401 turns).

Grim the Chopper (Formicid Fighter)                 Turns: 1401, Time: 00:02:08

Health: 0/41       AC:  8    Str: 23    XL:     5   Next: 33%
Magic:  5/5        EV:  9    Int:  7    God:
Gold:   148        SH:  5    Dex: 13    Spells: 4/4 levels left

rFire   . . .      SeeInvis +    a - +0 war axe
rCold   . . .      Faith    .    c - +0 buckler
rNeg    . . .      Spirit   .    b - +0 scale mail
rPois   .          Reflect  .    (helmet unavailable)
rElec   .          Rampage  .    j - +0 cloak
rCorr   +                        (no gloves)
Will    .....                    (no boots) Stlth
                                 f - amulet of regeneration
HPRegen 1.06/turn                o - ring of resist corrosion
MPRegen 0.09/turn                (no ring)

@: lethally poisoned (0 -> -6)
A: permanent stasis, dig shafts and tunnels, antennae 3, four strong arms
a: Dig, Shaft Self


You were on level 3 of the Dungeon.
You visited 1 branch of the dungeon, and saw 3 of its levels.

You collected 148 gold pieces.

Inventory:

Hand Weapons
 a - a +0 war axe (weapon)
Armour
 b - a +0 scale mail (worn)
 c - a +0 buckler (worn)
 j - a +0 cloak (worn)
 p - a +0 tower shield
Jewellery
 f - an amulet of regeneration (around neck)
 o - a ring of resist corrosion (left hand)
 q - an amulet of guardian spirit
 v - a ring of wizardry
Wands
 y - a wand of flame (29)
Scrolls
 e - 2 scrolls of enchant armour {unknown}
 g - 2 scrolls of teleportation {unknown}
 i - 2 scrolls of noise {unknown}
 k - 3 scrolls of identify {unknown}
 l - a scroll of fog {unknown}
 r - a scroll of blinking {unknown}
 s - 3 scrolls of poison {unknown}
 u - a scroll of amnesia {unknown}
 x - a scroll of silence {unknown}
Potions
 d - a potion of might
 h - a potion of degeneration {unknown}
 m - 4 potions of attraction {unknown}
 n - a potion of heal wounds {unknown}
 t - a potion of ambrosia {unknown}
 w - a potion of curing {unknown}


   Skills:
 - Level 3.2 Fighting
 + Level 5.1 Axes
 - Level 3.2 Armour
 - Level 4.0 Shields


You had 4 spell levels left.
You didn't know any spells.
Your spell library contained the following spells:

 Spells                   Type           Power      Damage    Failure   Level
 Ensorcelled Hibernation  Hex/Ice        0%         N/A       91%         2
 Passwall                 Tmut/Erth      0%         N/A       91%         2
 Swiftness                Air            Unusable   N/A       N/A         3

Dungeon Overview and Level Annotations

Branches:
Dungeon (3/15)

Altars:
Ru
Vehumet

Annotations:
D:3 Ijyb, Robin


Innate Abilities, Weirdness & Mutations

You cannot be hasted, slowed, berserked, paralysed or teleported.
You can dig through walls and to a lower floor.
You have a pair of large antennae on your head. (SInv)
Your four strong arms can wield two-handed weapons with a shield.


Message History

The hobgoblin hits you.
* * * LOW HITPOINT WARNING * * *
You hit Ijyb but do no damage.
Ijyb is severely wounded.
You barely miss the hobgoblin. You slash the hobgoblin!
You kill the hobgoblin!
You closely miss the hobgoblin.
You feel sick. You block the hobgoblin's attack.
The hobgoblin closely misses you. Ijyb misses you.
You slash Robin!
Robin is severely wounded.
You completely miss the hobgoblin. You hit Ijyb but do no damage.
You slash the hobgoblin!
You kill the hobgoblin!
You feel very sick.
The hobgoblin hits you but does no damage.
Robin barely misses you. Ijyb hits you but does no damage.
You are more poisoned.
Robin throws Ijyb at you! You block the hobgoblin's attack.
Ijyb hits you but does no damage.
You are more poisoned.
The hobgoblin shouts!
You hit Robin but do no damage.
Robin is severely wounded.
You barely miss the hobgoblin. You barely miss Ijyb.
* * * LOW HITPOINT WARNING * * *
You feel extremely sick. The hobgoblin hits you.
* * * LOW HITPOINT WARNING * * *
Robin hits you with a +0 short sword.
* * * LOW HITPOINT WARNING * * *
Ijyb barely misses you. The hobgoblin attacks as you move away!
The hobgoblin hits you but does no damage.
* * * LOW HITPOINT WARNING * * *
You feel very sick.
Robin roars a battlecry!
The hobgoblin goes into a battle-frenzy!
Ijyb hits you with a +2 dagger of venom.
You die...

....#<.....(..#######
#####..........#......#
##..........#.....# ###
##................### ..#
#..†.......##.......# ..#
#..........##...[...# ..#
#........).##.......#
..###..........##g......#
................@g).....#
..####........###.......#
..# ##......## #g†.....#
..# ######## #......g.
..# #........ .##
#........ .# ###.#.... ##
.#.... .# ...


You could see Ijyb (strong), Robin and 2 hobgoblins.

Vanquished Creatures
  A howler monkey (D:3)
  4 adders
  3 dart slugs (D:1)
  3 bats
  7 endoplasms
  A giant cockroach (D:1)
  3 goblins
  9 hobgoblins
  3 kobolds
  3 quokkas
  5 ball pythons
  2 frilled lizards
  2 rats
46 creatures vanquished.

Notes
Turn   | Place    | Note
-------+----------+-------------------------------------------
     0 | D:1      | Grim the Formicid Fighter began the quest for the Orb.
     0 | D:1      | Reached XP level 1. HP: 18/18 MP: 1/1
    45 | D:1      | Reached XP level 2. HP: 24/24 MP: 2/2
   113 | D:1      | Reached skill level 3 in Axes
   361 | D:1      | Reached XP level 3. HP: 29/29 MP: 3/3
   685 | D:1      | Found a faded altar of an unknown god.
   910 | D:2      | Reached skill level 4 in Axes
   910 | D:2      | Reached XP level 4. HP: 35/35 MP: 4/4
   961 | D:2      | Found a sacrificial altar of Ru.
  1260 | D:3      | Reached XP level 5. HP: 36/41 MP: 5/5
  1348 | D:3      | Found a radiant altar of Vehumet.
  1389 | D:3      | Noticed Ijyb
  1390 | D:3      | Noticed Robin
  1394 | D:3      | Reached skill level 5 in Axes
  1401 | D:3      | Slain by Ijyb

Illustrated notes

Levels and vault maps discovered:
D:1:      nicolae_arrival_somewhat_less_tricky_arrival, layout_basic,
          basic_ecumenical_altar
D:2:      layout_rooms, basic_altar, serial_glass, glass_columns_a,
          glass_columns_a
D:3:      layout_rooms, vehumet_altar_wand_db, serial_shops,
          nicolae_shop_advertising_works [nicolae_subvault_shop_adworks],
          nicolae_goblin_pals

Skill      XL: |  1  2  3  4  5 |
---------------+----------------+-----
Axes           | 3 4 5 |  5.1
Fighting       | |  3.2
Armour         | |  3.2
Shields        | |  4.0

Action                     |  1- 3 |  4- 6 || total
---------------------------+-------+-------++-------
  Melee: War axe           |    81 |    49 ||   130
 Armour: Scale mail        |    40 |    30 ||    70
  Dodge: Dodged            |    46 |    35 ||    81
  Block: Buckler           |    18 |    16 ||    34

Table legend: (Time is in decaauts)
 A = Elapsed time spent in this place.
 B = Non-inter-level travel time spent in this place.
 C = Inter-level travel time spent in this place.
 D = Time resting spent in this place.
 E = Time spent auto-exploring this place.
 F = Levels seen in this place.
 G = Mean time per level.
                   A        B        C        D        E       F      G
               +--------+--------+--------+--------+--------+-----+--------+
         Total |   1444 |   1424 |     20 |      2 |   1070 |   3 |  481.3 |
       Dungeon |   1444 |   1424 |     20 |      2 |   1070 |   3 |  481.3 |
               +--------+--------+--------+--------+--------+-----+--------+

Top non-repeatable levels by time:
     D:1: 831 daAuts
     D:2: 399 daAuts
     D:3: 213 daAuts
